 Dungeon Sprint DCSS version 0.18-a0-1350-g404b4cb (webtiles) character file.

1695 Kidiri the Covert (level 8, -6/42 HPs)
             Began as a Spriggan Enchanter on Feb 19, 2016.
             Mangled by a harpy (7 damage)
             ... summoned by Kirke
             ... in the Dungeon (Sprint II: "The Violet Keep of Menkaure").
             The game lasted 00:04:11 (1108 turns).

Kidiri the Covert (Spriggan Enchanter)              Turns: 1108, Time: 00:04:12

Health: -6/42      AC:  3    Str:  4    XL:     8   Next: 72%
Magic:  0/22       EV: 27    Int: 18    God:
Gold:   1053       SH:  0    Dex: 17    Spells: 5 memorised, 14 levels left

rFire  . . .     SeeInvis +     a - +1 dagger
rCold  . . .     Gourm    .     b - +1 robe
rNeg   . . .     Faith    .     (shield restricted)
rPois  .         Spirit   .     (helmet restricted)
rElec  .         Dismiss  .     (no cloak)
rCorr  .         Reflect  .     (gloves unavailable)
SustAt .         Harm     .     (boots unavailable)
MR     +....     NoTele   +     (no amulet)
Stlth  ++++++....               (no ring)
                                (no ring)

@: drained, very quick, somewhat resistant to hostile enchantments, very
stealthy
A: unfitting armour, see invisible, herbivore 3, speed 3, slow metabolism 2
a: no special abilities


You were in the Dungeon.
You were not hungry.

You visited 1 branch You collected 1053 gold pieces.

Inventory:

Hand Weapons
 a - a +1 dagger (weapon)
Armour
 b - a +1 robe (worn)
Scrolls
 j - a scroll of blinking
Potions
 e - a potion of curing
 f - a potion of heal wounds
 g - a potion of haste
Books
 c - a book of Maledictions

   Spells                             Type                      Level
   a - Corona                         Hexes                        1
   b - Ensorcelled Hibernation        Hexes/Ice                    2
   c - Confuse                        Hexes                        3
   d - Tukima's Dance                 Hexes                        3
   e - Dazzling Spray                 Conjuration/Hexes            3
Comestibles
 d - a bread ration


   Skills:
 + Level 4.3(4.1) Fighting
 * Level 8.7(8.4) Short Blades
 + Level 4.0(3.8) Armour
 * Level 11.4(11.2) Dodging
 * Level 12.6(12.3) Stealth
 * Level 9.7(9.5) Spellcasting
 + Level 3.4(3.1) Conjurations
 + Level 7.5(7.3) Hexes
 + Level 4.2(3.9) Ice Magic


You had 14 spell levels left.
You knew the following spells:

 Your Spells              Type           Power        Failure   Level  Hunger
a - Corona                Hex            ####...      1%          1    None
b - Ensorcelled Hibernat  Hex/Ice        ####..       1%          2    None
c - Confuse               Hex            ####....     1%          3    None
d - Tukima's Dance        Hex            ####....     1%          3    None
e - Dazzling Spray        Conj/Hex       ####....     2%          3    None


Dungeon Overview and Level Annotations

Branches:
Dungeon (1/1)

Altars:

Shops:
D ?!

Annotations:
D exclusion: orange crystal statue, Kirke


Innate Abilities, Weirdness & Mutations

You are tiny and cannot use many weapons and most armour.
You have supernaturally acute eyesight.
You are an herbivore.
You cover ground extremely quickly.
You need consume almost no food.


Message History

A skeletal warrior opens the gate.
The harpy barely misses you. The harpy claws you! Kirke closely misses you.
Unknown command.
You barely miss Kirke.
The harpy screeches!
The harpy misses you. The harpy claws you!
* * * LOW HITPOINT WARNING * * *
The orange crystal statue is engulfed in mutagenic fog.
The harpy misses you. The harpy claws you!
* * * LOW HITPOINT WARNING * * *
You hit Kirke.
Kirke is lightly wounded.
The harpy is engulfed in mutagenic fog.
The harpy twists and deforms.
The harpy misses you. x2; Kirke misses you.
The orange crystal statue is engulfed in mutagenic fog.
Unknown command.
You completely miss Kirke.
Kirke is lightly wounded.
The harpy claws you!
You die... ####+#### ##§≈§§≈≈§## ###§§§§≈≈≈§≈## §§§§§§8§§§≈≈# z #§§§§§≈§≈≈ Kc.

#§§§§≈§§#
###≈≈#§§H#+++##
##≈≈≈..z@@H...#
∩#≈≈≈≈.##'##..#
.#≈≈≈≈##.#.## #
∩#≈≈≈≈#.###.#
.#≈≈####.#%####
.#≈##.###'###.##
.#≈#...##.###..#
.+ +###'.<)'.##+
#.%.##.###..#


You could see Kirke (invisible), an orange crystal statue, a skeletal warrior
and 2 harpies.

Vanquished Creatures
  A centaur warrior (D)
  An elephant (D)
  2 boulder beetles (D)
  2 hippogriffs (D)
  4 worker ants (D)
  3 worms (D)
  A spectral bat (D)
14 creatures vanquished.

Vanquished Creatures (others)
  Menkaure (D)
  2 crocodiles (D)
3 creatures vanquished.

Grand Total: 17 creatures vanquished

Notes
Turn   | Place    | Note
--------------------------------------------------------------
     0 | D        | Kidiri the Spriggan Enchanter began the quest for the Orb.
     0 | D        | Reached XP level 1. HP: 9/9 MP: 5/5
     1 | D        | Noticed a hippogriff
     1 | D        | Noticed a hippogriff
     4 | D        | Noticed a boulder beetle
     4 | D        | Noticed a boulder beetle
     6 | D        | Killed a crocodile
    43 | D        | Killed Menkaure
   547 | D        | Reached skill level 5 in Stealth
   584 | D        | Noticed an electric eel
   584 | D        | Noticed an electric eel
   584 | D        | Noticed an electric eel
   585 | D        | Noticed an electric eel
   587 | D        | Reached XP level 2. HP: 14/14 MP: 7/7
   596 | D        | Learned a level 2 spell: Ensorcelled Hibernation
   720 | D        | Reached skill level 1 in Fighting
   720 | D        | Reached skill level 1 in Armour
   720 | D        | Reached XP level 3. HP: 18/18 MP: 0/9
   724 | D        | Reached skill level 5 in Dodging
   724 | D        | Reached skill level 6 in Stealth
   726 | D        | Reached skill level 1 in Ice Magic
   726 | D        | Reached XP level 4. HP: 19/23 MP: 3/11
   735 | D        | Reached skill level 7 in Stealth
   748 | D        | Learned a level 3 spell: Confuse
   752 | D        | Learned a level 3 spell: Tukima's Dance
   756 | D        | Learned a level 3 spell: Dazzling Spray
   869 | D        | Killed a hippogriff
   869 | D        | Reached skill level 5 in Short Blades
   869 | D        | Reached skill level 8 in Stealth
   869 | D        | Reached skill level 1 in Conjurations
   869 | D        | Reached skill level 5 in Hexes
   869 | D        | Reached XP level 5. HP: 22/27 MP: 9/14
   874 | D        | Killed a hippogriff
   874 | D        | Reached skill level 9 in Stealth
   874 | D        | Reached XP level 6. HP: 21/32 MP: 3/17
   886 | D        | Noticed an orange crystal statue
   985 | D        | Found Kubahuil's Magic Scroll Shoppe.
   985 | D        | Found Derut's Distillery.
   985 | D        | Noticed Kirke
   985 | D        | Noticed a yaktaur captain
   985 | D        | Noticed a kobold demonologist
   986 | D        | Noticed a skeletal warrior
  1008 | D        | Killed a boulder beetle
  1008 | D        | Reached skill level 10 in Stealth
  1008 | D        | Reached XP level 7. HP: 27/36 MP: 10/19
  1021 | D        | Killed a boulder beetle
  1021 | D        | Reached skill level 11 in Stealth
  1058 | D        | Noticed a centaur warrior
  1063 | D        | Killed a centaur warrior
  1063 | D        | Reached skill level 12 in Stealth
  1063 | D        | Reached XP level 8. HP: 24/42 MP: 11/22
  1080 | D        | Noticed an elephant
  1094 | D        | Killed an elephant
  1105 | D        | Noticed a harpy
  1105 | D        | Noticed a harpy
  1106 | D        | HP: 1/42 [harpy[Kirke] (8)]
  1108 | D        | Mangled by a harpy

Vault maps used:
D:        the_violet_keep_of_menkaure

Action                   |  1- 3 |  4- 6 |  7- 9 || total
-------------------------+-------+-------+-------++-------
Melee: Dagger            |    16 |    11 |    18 ||    45
 Cast: Corona            |     2 |       |       ||     2
       Ensorcelled Hiber |     6 |     8 |     5 ||    19
       Confuse           |       |     2 |     1 ||     3
       Dazzling Spray    |       |       |     4 ||     4
  Use: Potion            |     2 |     1 |       ||     3
 Stab: Sleeping          |     5 |     4 |     2 ||    11
       Confused          |       |     2 |       ||     2
       Invisible         |       |       |     3 ||     3
